 Dungeon Crawl Stone Soup version 0.26-a0-651-gb41185065b (console) character file.

Game seed: 6541279444492896812

255498 om the Severer (level 19, -1/168 HPs)
             Began as a Deep Dwarf Fighter on Sept 28, 2020.
             Was the Champion of Makhleb.
             Splashed by an acid blob's acid (2 damage)
             ... on level 4 of the Pits of Slime.
             The game lasted 01:41:26 (33199 turns).

om the Severer (Deep Dwarf Fighter)                Turns: 33199, Time: 01:41:26

Health: -1/168     AC: 32    Str: 32    XL:     19   Next: 5%
Magic:  2/14 (23)  EV: 21    Int: 10    God:    Makhleb [******]
Gold:   2140       SH: 12    Dex: 16    Spells: 18/18 levels left

rFire    . . .     SeeInvis +   a - +4 broad axe (freeze)
rCold    . . .     Faith    .   T - +3 warlock's mirror {reflect}
rNeg     + . .     Spirit   .   Z - +8 plate armour of the Comet {Harm Rampage MP-9 SInv}
rPois    +         Reflect  +   O - +1 helmet "Noargh" {Dex+3}
rElec    +         Harm     +   G - +2 cloak {rCorr}
rCorr    +         Rampage  +   U - +2 pair of gloves {archery}
MR       +++..                  (no boots)
Stlth    ..........             (no amulet)
HPRegen  0.00/turn              L - +4 ring of evasion
MPRegen  0.14/turn              g - ring of the Doge {rElec rPois MR+ Str+6 Stlth-}

@: corroded, berserk cooldown, non-regenerating, slowed, very slow
A: damage resistance, heal wounds, negative energy resistance 1, sense
surroundings 3, no regeneration
}: 2/15 runes: decaying, serpentine
a: Heal Wounds, Minor Destruction, Lesser Servant of Makhleb, Major Destruction,
Greater Servant of Makhleb, Renounce Religion


You were on level 4 of the Pits of Slime.
You worshipped Makhleb.
Makhleb was exalted by your worship.
You visited 6 branches of the dungeon, and saw 36 of its levels.
You also visited: Bailey, Gauntlet, Ice Cave and Volcano.

You collected 3945 gold pieces.
You spent 1805 gold pieces at shops.

Inventory:

Hand Weapons
 a - a +4 broad axe of freezing (weapon)
 b - a +7 hand crossbow of flaming
 q - the +5 broad axe "Sure" {flame, *Noise rPois rF+++ Dex-5 SInv}
   (You bought it in a shop on level 8 of the Dungeon)

   It has been specially enchanted to burn those struck by it, causing extra
   injury to most foes and up to half again as much damage against particularly
   susceptible opponents.
   Big, fiery blades are also staple armaments of hydra-hunters.
   It affects your dexterity (-5).
   It renders you almost immune to fire.
   It protects you from poison.
   It lets you see invisible.
   It may make noises in combat.
 W - a +1 glaive of flaming
 X - a +4 scimitar of flaming
Missiles
 N - 247 bolts
Armour
 D - a +2 cloak of poison resistance
 G - a +2 cloak of preservation (worn)
 O - the +1 helmet "Noargh" (worn) {Dex+3}
   (You found it in a Gauntlet)

   It affects your dexterity (+3).
 T - the +3 warlock's mirror (worn) {reflect}
   (You took it off a goblin in a bailey)
 U - a +2 pair of gloves of archery (worn)
 Z - the +8 plate armour of the Comet (worn) {Harm Rampage MP-9 SInv}
   (You bought it in a shop on level 2 of the Orcish Mines)

   It affects your magic capacity (-9).
   It lets you see invisible.
   It increases damage dealt and taken.
   It bestows one free step when moving towards enemies.
Jewellery
 g - the ring of the Doge (right hand) {rElec rPois MR+ Str+6 Stlth-}
   (You acquired it in a bailey)

   [ring of strength]

   It affects your strength (+6).
   It insulates you from electricity.
   It protects you from poison.
   It affects your resistance to hostile enchantments.
   It makes you less stealthy.
 p - an uncursed ring of ice
 K - a +4 ring of protection
 L - a +4 ring of evasion (left hand)
Wands
 d - a wand of iceblast (6)
 j - a wand of paralysis (8)
 y - a wand of polymorph (22)
 z - a wand of random effects (42)
 C - a wand of disintegration (16)
 E - a wand of digging (6)
 H - a wand of flame (52)
 Y - a wand of acid (3)
Scrolls
 f - 18 scrolls of teleportation
 h - 13 scrolls of remove curse
 i - 5 scrolls of fear
 r - 12 scrolls of identify
 x - 6 scrolls of amnesia
 B - a scroll of magic mapping
 F - a scroll of holy word
 J - 6 scrolls of fog
 M - a scroll of immolation
 P - 3 scrolls of summoning
 R - 2 scrolls of enchant armour
 V - 2 scrolls of blinking
Potions
 c - a potion of heal wounds
 e - 3 potions of ambrosia
 k - 6 potions of flight
 m - 9 potions of curing
 n - 4 potions of resistance
 o - 3 potions of haste
 s - a potion of berserk rage
 t - 4 potions of lignification
 u - 5 potions of brilliance
 v - 2 potions of invisibility
 w - 5 potions of stabbing
 I - a potion of magic
 Q - 4 potions of might
 S - 2 potions of cancellation
Miscellaneous
 A - a box of beasts (3/3)


   Skills:
 - Level 10.0 Fighting
 - Level 18.0 Axes
 - Level 10.0 Crossbows
 - Level 17.0 Armour
 + Level 12.5 Dodging
 - Level 4.0 Stealth
 - Level 18.0 Shields
 + Level 13.2 Invocations
 + Level 10.9 Evocations


You had 18 spell levels left.
You didn't know any spells.
Your spell library contained the following spells:

 Spells                   Type           Power        Failure   Level
 Animate Skeleton         Necr           #.....       86%         1
 Corona                   Hex            #......      86%         1
 Freeze                   Ice            #...         86%         1
 Pain                     Necr           #...         86%         1
 Summon Small Mammal      Summ           #...         86%         1
 Blink                    Tloc           N/A          94%         2
 Call Imp                 Summ           #.......     94%         2
 Slow                     Hex            #.......     94%         2
 Call Canine Familiar     Summ           #.......     99%         3
 Confusing Touch          Hex            #.......     99%         3
 Frozen Ramparts          Ice            #.....       99%         3
 Gell's Gravitas          Tloc           #.........   99%         3
 Inner Flame              Hex/Fire       #.......     99%         3
 Lesser Beckoning         Tloc           #.........   99%         3
 Ozocubu's Armour         Ice            #.......     99%         3
 Portal Projectile        Hex/Tloc       #.....       99%         3
 Static Discharge         Conj/Air       #.......     99%         3
 Summon Guardian Golem    Hex/Summ       #.......     99%         3
 Teleport Other           Tloc           #.......     99%         3
 Vampiric Draining        Necr           #.........   99%         3
 Animate Dead             Necr           #.........   100%        4
 Cause Fear               Hex            #.........   100%        4
 Hailstorm                Conj/Ice       #.......     100%        4
 Ice Form                 Ice/Tmut       #.......     100%        4
 Leda's Liquefaction      Hex/Erth       #.........   100%        4
 Passage of Golubria      Tloc           N/A          100%        4
 Petrify                  Tmut/Erth      #.......     100%        4
 Summon Ice Beast         Ice/Summ       #.......     100%        4
 Summon Lightning Spire   Summ/Air       #.......     100%        4
 Agony                    Necr           #.......     100%        5
 Irradiate                Conj/Tmut      #.........   100%        5
 Lightning Bolt           Conj/Air       #.........   100%        5
 Metabolic Englaciation   Hex/Ice        #.........   100%        5
 Silence                  Hex/Air        #.........   100%        5
 Yara's Violent Unravell  Hex/Tmut       #.........   100%        5
 Conjure Ball Lightning   Conj/Air       #.........   100%        6
 Freezing Cloud           Conj/Ice/Air   #.........   100%        6
 Hydra Form               Tmut           #.........   100%        6
 Ozocubu's Refrigeration  Ice            #.........   100%        6
 Simulacrum               Ice/Necr       #.........   100%        6
 Statue Form              Tmut/Erth      #........    100%        6
 Dragon Form              Tmut           #.........   100%        7
 Ignition                 Fire           #.........   100%        8
 Shatter                  Erth           #.........   100%        9
 Tornado                  Air            #.........   100%        9


Dungeon Overview and Level Annotations

Branches:
Dungeon (15/15)            Temple (0/1) D:7            Lair (6/6) D:10
  Swamp (4/4) Lair:3        Snake (4/4) Lair:4        Slime (5/5) Lair:5
    Orc (2/2) D:12            Elf (0/3) Orc:2        Vaults (0/5) D:14
 Depths (0/5) D:15         Bailey (visited)           IceCv (visited)
Volcano (visited)         Gauntlet (visited)

Altars:
Ashenzari
Cheibriados
Elyvilon
Gozag
Kikubaaqudgha
Makhleb
Okawaru
Uskayaw
Yredelemnul
Beogh
Jiyva

Shops:
D:5 ?   D:8 (   D:12 [   D:14 (   Orc:2 [[}[!*   Snake:4 :


Innate Abilities, Weirdness & Mutations

You are resistant to damage.
You can heal yourself by infusing magical energy.
You resist negative energy. (rN+)
You passively map a large area around you.
You do not regenerate.


Message History

That's the wrong kind of item! (Use * to select it.) Remove which piece of jewellery? (? for menu, Esc to quit)
Okay, then.
Press: ? - help, Dir - move target cursor
Okay, then.
Press: ? - help, Dir - move target cursor
As you read the scroll of blinking, it crumbles to dust.
The acid blob spits acid at you.
The splash of acid hits you but does no damage.
The acid corrodes you!
You are splashed with acid.
You resist.
* * * LOW HITPOINT WARNING * * *
The azure jelly jiggles.
The acid blob spits acid at you.
The splash of acid hits you but does no damage.
You are splashed with acid!
You resist.
* * * LOW HITPOINT WARNING * * *
The acid blob spits acid at you.
The splash of acid hits you but does no damage.
You are splashed with acid.
You resist.
You die...

* * * * , , ** ,* ,,,
** ,, * ,, , , * , * *,
* , * , * #### ,..#* ,
, ,,, , ####..##.... ,
* * ** ##......#....# ,
#......#.....##* ,
.....###.@...#......#
,,,*
......#............. *
..................#
*........#.....J...##
#...........JJ.....# **
#............§....#
###.........J......# *
**
*#....§............#* *
** **
#..................# *
* ,
......#......#.##.....
,, **
.............#.#,...##,


You could see 2 acid blobs and 2 azure jellies.

Vanquished Creatures
  the Royal Jelly (Slime:5)
  Rupert (Lair:4)
  6 acid blobs
  5 thorn hunters
  An azure jelly (Slime:3)
  8 nagarajas
  4 orc warlords
  Aizul (Snake:1)
  A very ugly thing (Swamp:4)
  A dire elephant (D:15)
  A minotaur (Gauntlet)
  Snorg (D:12)
  2 blizzard demons (IceCv)
  4 great orbs of eyes
  Erolcha (D:9)
  17 hydras
  13 naga warriors
  5 vault guards (D:14)
  2 shambling mangroves
  2 ghost crabs
  2 death knights
  17 two-headed ogres
  14 alligators
  2 centaur warriors
  12 anacondas
  4 orc high priests
  3 ogre magi
  9 naga sharpshooters
  Urug (D:12)
  The ghost of contrafett the Slinger, a novice HaHu of Okawaru (D:7)
  6 shock serpents
  A deep elf knight (D:13)
  2 spriggans
  A skeletal warrior (D:15)
  2 salamander mystics
  A spriggan druid (Swamp:3)
  4 unseen horrors
  A glowing orange brain (Slime:3)
  3 sea snakes (Snake:2)
  9 naga ritualists
  9 swamp dragons
  7 orc knights
  An ugly thing (D:10)
  A phantasmal warrior (D:15)
  3 orc sorcerers
  A wolf spider (D:15)
  3 mana vipers (Snake:1)
  9 salamanders
  2 manticores
  2 cyclopes
  An ice statue (IceCv)
  31 black mambas
  3 molten gargoyles (Volcano)
  8 guardian serpents
  13 naga magi
  An eye of devastation (Slime:5)
  A toenail golem (Volcano)
  A torpor snail (Lair:3)
  2 rime drakes
  4 gargoyles
  4 kobold demonologists
  32 cane toads
  3 efreet (Volcano)
  5 freezing wraiths
  2 anaconda simulacra (IceCv)
  11 komodo dragons
  A yaktaur (D:14)
  A golden dragon simulacrum (IceCv)
  7 ice devils
  4 trolls
  11 hornets
  A polar bear (Lair:4)
  10 tyrant leeches
  3 meliai (D:13)
  12 bog bodies
  35 blink frogs
  10 hippogriffs
  51 slime creatures
  A meliai zombie (D:13)
  Sigmund (D:6)
  3 centaur simulacra
  16 flying skulls (Gauntlet)
  2 shadows
  A dire elephant simulacrum (IceCv)
  A vampire (D:14)
  5 wraiths
  5 wyverns
  26 yaks
  4 fire elementals (Volcano)
  A basilisk (Lair:2)
  16 golden eyes
  A steam dragon (D:10)
  5 harpy simulacra (IceCv)
  24 vampire mosquitoes
  6 wargs
  4 insubstantial wisps (Swamp:3)
  46 nagas
  11 water moccasins
  13 swamp worms
  4 hydra simulacra (IceCv)
  2 iron troll simulacra (IceCv)
  9 porcupines
  3 black bears
  6 sky beasts
  13 swamp drakes
  50 orc warriors
  4 eyes of draining
  4 ice beasts
  An alligator simulacrum (IceCv)
  A necrophage (D:11)
  14 ogres
  A phantom (D:12)
  4 centaurs
  3 wolves (Lair:2)
  8 crocodiles
  7 big kobolds
  An elf zombie (D:15)
  2 gnoll sergeants (D:8)
  22 bullfrogs
  A wyvern zombie (D:10)
  An elf skeleton (D:15)
  2 earth elementals (Volcano)
  A cane toad simulacrum (Gauntlet)
  6 scorpions
  A wyvern skeleton (D:11)
  10 killer bees
  7 wights
  3 vampire bats (D:5)
  A howler monkey (D:8)
  7 electric eels
  2 bullfrog zombies
  7 hounds
  4 quasits
  21 orc priests
  5 centaur skeletons
  4 human zombies (D:15)
  5 iguanas
  2 jellies
  5 bullfrog skeletons
  20 orc wizards
  A polar bear simulacrum (IceCv)
  2 spriggan simulacra (IceCv)
  4 troll simulacra (IceCv)
  5 worker ants
  A wolf simulacrum (IceCv)
  2 bullfrog simulacra (Gauntlet)
  A hound skeleton (D:9)
  2 mummies
  2 worker ant zombies
  14 gnolls
  A naga simulacrum (IceCv)
  11 adders
  3 ogre simulacra (IceCv)
  6 white imps
  7 ufetubi
  2 worms
  4 dart slugs
  7 leopard geckos
  107 orcs
  3 ball pythons
  7 bats
  4 bat skeletons (D:5)
  2 bat zombies (D:5)
  4 giant cockroaches
  23 goblins
  12 hobgoblins
  10 jackals
  27 kobolds
  8 quokkas
  4 frilled lizards
  A giant cockroach zombie (D:6)
  A hobgoblin zombie (D:5)
  A jackal zombie (D:5)
  2 kobold zombies (D:5)
  2 leopard gecko skeletons (D:5)
  An orc zombie (D:5)
  A quokka zombie (D:6)
  5 rats
1244 creatures vanquished.

Vanquished Creatures (collateral kills)
  Jorgrun (Swamp:1)
  An acid blob (Slime:5)
  An azure jelly (Slime:5)
  A nagaraja (Snake:4)
  A death ooze (Slime:5)
  A great orb of eyes (Slime:5)
  An alligator (Swamp:1)
  2 anacondas (Snake:4)
  An orc high priest (Orc:2)
  A shock serpent (Snake:4)
  2 naga sharpshooters (Snake:4)
  2 orc knights (Orc:2)
  2 orc sorcerers (Orc:2)
  2 guardian serpents (Snake:4)
  3 cane toads
  7 slime creatures (Slime:5)
  A blink frog (Lair:6)
  4 golden eyes (Slime:5)
  A vampire mosquito (Lair:6)
  A naga (Snake:4)
  An orc warrior (Orc:2)
  An orc wizard (Orc:2)
38 creatures vanquished.

Vanquished Creatures (others)
  A hydra (Swamp:2)
  An anaconda (Snake:4)
  3 naga magi
  An insubstantial wisp (Swamp:3)
  2 swamp drakes
  An orc priest (Orc:1)
  An orc wizard (Orc:2)
  3 white imps
  2 ufetubi (IceCv)
  4 orcs
  A goblin (Bailey)
  3 bushes (Swamp:4)
  36 demonic plants (Gauntlet)
  40 fungi
  115 plants
214 creatures vanquished.

Grand Total: 1496 creatures vanquished

Notes
Turn   | Place    | Note
-------+----------+-------------------------------------------
     0 | D:1      | om the Deep Dwarf Fighter began the quest for the Orb.
     0 | D:1      | Reached XP level 1. HP: 20/20 MP: 1/1
   163 | D:1      | Reached XP level 2. HP: 27/27 MP: 2/2
   379 | D:1      | Found a broken altar of Ashenzari.
   708 | D:2      | Reached XP level 3. HP: 31/33 MP: 3/3
   712 | D:2      | Found a hide-covered altar of Uskayaw.
   712 | D:2      | Noticed a +0 dagger
   712 | D:2      | Noticed a +0 dagger
  1103 | D:2      | Found a snail-covered altar of Cheibriados.
  1112 | D:2      | Reached XP level 4. HP: 37/42 MP: 4/4
  2096 | D:4      | Reached XP level 5. HP: 18/49 MP: 5/5
  2296 | D:4      | Reached XP level 6. HP: 9/56 MP: 5/5
  2496 | D:4      | Reached skill level 5 in Axes
  2719 | D:5      | Entered Level 5 of the Dungeon
  2956 | D:5      | Found a burning altar of Makhleb.
  2961 | D:5      | Became a worshipper of Makhleb the Destroyer
  3093 | D:5      | Found an ancient bone altar of Kikubaaqudgha.
  3301 | D:5      | Reached XP level 7. HP: 21/64 MP: 6/6
  3364 | D:5      | Reached skill level 5 in Armour
  3451 | D:5      | Reached * piety under Makhleb
  3451 | D:5      | Reached skill level 5 in Shields
  3536 | D:5      | Found Atwycsue's Magic Scroll Boutique.
  3543 | D:5      | Bought a scroll of identify for 26 gold pieces
  3543 | D:5      | Bought a scroll of identify for 26 gold pieces
  3651 | D:6      | Noticed Sigmund
  3658 | D:6      | Killed Sigmund
  3759 | D:6      | Reached skill level 1 in Dodging
  3759 | D:6      | Reached skill level 1 in Invocations
  4028 | D:7      | Reached XP level 8. HP: 34/72 MP: 7/9
  4157 | D:7      | Found a transporter.
  4157 | D:7      | Noticed contrafett's ghost (novice HaHu)
  4161 | D:7      | Found a transporter.
  4209 | D:7      | Reached skill level 1 in Stealth
  4574 | D:7      | You fall into a shaft and drop 2 floors!
  4621 | D:8      | Reached ** piety under Makhleb
  4743 | D:8      | Found Ruiv's Antique Weapon Boutique.
  4773 | D:7      | Noticed a hippogriff
  4787 | D:8      | Killed a hippogriff
  4975 | D:8      | Gained mutation: You passively map the area around you.
                  | [Deep Dwarf growth]
  4975 | D:8      | Reached XP level 9. HP: 14/78 MP: 10/10
  5113 | D:8      | Reached skill level 5 in Dodging
  5296 | D:8      | Reached skill level 10 in Axes
  5547 | D:8      | Found an opulent altar of Gozag.
  5858 | D:8      | Bought a masterwork broad axe for 270 gold pieces
  5858 | D:8      | Identified the +5 broad axe "Sure" {flame, *Noise rPois
                  | rF+++ Dex-5 SInv} (You bought it in a shop on level 8 of
                  | the Dungeon)
  6014 | D:9      | Reached *** piety under Makhleb
  6017 | D:9      | Found a white marble altar of Elyvilon.
  6087 | D:9      | Noticed a two-headed ogre
  6094 | D:9      | Killed a two-headed ogre
  6094 | D:9      | Reached XP level 10. HP: 54/87 MP: 11/11
  6302 | D:9      | Reached skill level 5 in Fighting
  6508 | D:9      | Noticed Erolcha
  6523 | D:9      | Killed Erolcha
  6929 | D:10     | Entered Level 10 of the Dungeon
  6939 | D:10     | Noticed a two-headed ogre
  6949 | D:10     | Killed a two-headed ogre
  7021 | D:10     | Reached **** piety under Makhleb
  7023 | D:10     | Noticed a cyan ugly thing
  7033 | D:10     | Killed a cyan ugly thing
  7063 | D:10     | Noticed a two-headed ogre
  7074 | D:10     | Killed a two-headed ogre
  7074 | D:10     | Reached XP level 11. HP: 51/94 MP: 13/13
  7166 | D:10     | Found a staircase to the Lair.
  7197 | D:10     | Noticed an unseen horror
  7210 | D:10     | Killed an unseen horror
  7210 | D:10     | Reached skill level 5 in Invocations
  7605 | D:11     | Reached skill level 1 in Evocations
  7694 | D:11     | Noticed an unseen horror
  7704 | D:11     | Killed an unseen horror
  7813 | D:11     | Noticed an eight-headed hydra
  7824 | D:11     | Killed a four-headed hydra
  7880 | D:11     | Noticed a two-headed ogre
  7897 | D:11     | Killed a two-headed ogre
  8104 | D:11     | Noticed a two-headed ogre
  8118 | D:11     | Killed a two-headed ogre
  8162 | D:11     | Reached ***** piety under Makhleb
  8592 | Lair:1   | Entered Level 1 of the Lair of Beasts
  8670 | Lair:1   | Reached skill level 1 in Crossbows
  8887 | Lair:1   | Reached XP level 12. HP: 103/103 MP: 14/14
  9241 | Lair:2   | Reached skill level 5 in Evocations
  9730 | Lair:2   | Got an ancient ring mail
 10160 | Lair:3   | Found a staircase to the Swamp.
 10238 | Lair:3   | Noticed a five-headed hydra
 10243 | Lair:3   | Killed a one-headed hydra
 10425 | Lair:3   | Reached skill level 5 in Crossbows
 10426 | Lair:3   | Noticed a seven-headed hydra
 10433 | Lair:3   | Killed a one-headed hydra
 10923 | Lair:4   | Found a staircase to the Snake Pit.
 11951 | Lair:5   | Noticed Rupert
 12051 | Lair:4   | Killed Rupert
 12051 | Lair:4   | Reached XP level 13. HP: 102/109 MP: 15/17
 12090 | Lair:5   | Reached skill level 10 in Dodging
 12247 | Lair:5   | Reached skill level 10 in Armour
 12325 | Lair:5   | Reached skill level 10 in Shields
 12506 | Lair:5   | Found a viscous altar of Jiyva.
 12507 | Lair:5   | Found a staircase to the Slime Pits.
 12716 | Lair:6   | Entered Level 6 of the Lair of Beasts
 12890 | Lair:6   | Found a gate leading to a gauntlet.
 12899 | Gauntlet | Entered a Gauntlet
 12899 | Gauntlet | Found a transporter.
 12914 | Gauntlet | Found a transporter.
 12926 | Gauntlet | Found a transporter.
 12932 | Gauntlet | Found a transporter.
 13007 | Gauntlet | Found a transporter.
 13007 | Gauntlet | Found a transporter.
 13026 | Gauntlet | Found a transporter.
 13041 | Gauntlet | Found a transporter.
 13046 | Gauntlet | Found a transporter.
 13061 | Gauntlet | Found a transporter.
 13080 | Gauntlet | Found a transporter.
 13092 | Gauntlet | Found a transporter.
 13103 | Gauntlet | Noticed an emperor scorpion
 13103 | Gauntlet | an emperor scorpion changed into a queen ant
 13104 | Gauntlet | Found a transporter.
 13104 | Gauntlet | Noticed a minotaur
 13104 | Gauntlet | a queen ant changed into a minotaur
 13107 | Gauntlet | Noticed an azure jelly
 13107 | Gauntlet | a minotaur changed into an azure jelly
 13108 | Gauntlet | Noticed a sphinx
 13108 | Gauntlet | an azure jelly changed into a sphinx
 13109 | Gauntlet | Noticed an azure jelly
 13109 | Gauntlet | a sphinx changed into an azure jelly
 13113 | Gauntlet | Noticed a storm dragon
 13113 | Gauntlet | an azure jelly changed into a storm dragon
 13115 | Gauntlet | a storm dragon changed into an ice dragon
 13116 | Gauntlet | Found a transporter.
 13118 | Gauntlet | Noticed an ettin
 13118 | Gauntlet | an ice dragon changed into an ettin
 13119 | Gauntlet | an ettin changed into a wolf spider
 13128 | Gauntlet | Found a transporter.
 13211 | Gauntlet | Found a transporter.
 13211 | Gauntlet | Found a transporter.
 13243 | Gauntlet | Noticed an ettin
 13243 | Gauntlet | a slime creature changed into an ettin
 13253 | Gauntlet | an ettin changed into a slime creature
 13289 | Gauntlet | Found a transporter.
 13408 | Gauntlet | Noticed a minotaur
 13417 | Gauntlet | Noticed a dire elephant
 13417 | Gauntlet | a minotaur changed into a dire elephant
 13490 | Gauntlet | Got a distressingly furry helmet
 13501 | Gauntlet | Identified the +1 helmet "Noargh" {Dex+3} (You found it in
                  | a Gauntlet)
 13621 | Gauntlet | Noticed a fire giant
 13731 | Gauntlet | Noticed a stone giant
 13739 | Gauntlet | Noticed a minotaur
 13752 | Gauntlet | Killed a minotaur
 13953 | Gauntlet | Got a slimy mace
 13954 | Gauntlet | Identified the cursed +1 mace of Eternal Vigilance {elec,
                  | rPois Int+4} (You found it in a Gauntlet)
 14038 | Lair:6   | Noticed a balrug
 14147 | Lair:6   | Reached ****** piety under Makhleb
 14200 | Lair:6   | Gained mutation: You resist negative energy. (rN+) [Deep
                  | Dwarf growth]
 14200 | Lair:6   | Reached XP level 14. HP: 117/117 MP: 19/19
 14204 | Lair:6   | Reached skill level 10 in Crossbows
 15624 | D:12     | Found a flagged portal.
 15639 | Bailey   | Entered a bailey
 15753 | Bailey   | Found an iron altar of Okawaru.
 16586 | D:12     | Reached skill level 10 in Invocations
 16683 | D:12     | Reached skill level 10 in Evocations
 16877 | D:12     | Noticed Urug
 16910 | D:12     | Killed Urug
 16971 | D:12     | Noticed Snorg
 16979 | D:12     | Killed Snorg
 17010 | D:12     | Found Hewkuh's Armour Shop.
 17010 | D:12     | Found a staircase to the Orcish Mines.
 17086 | D:12     | You fall into a shaft and drop 1 floor!
 17213 | D:13     | Reached skill level 15 in Axes
 17613 | D:7      | Found a staircase to the Ecumenical Temple.
 17751 | D:7      | Killed contrafett's ghost
 18069 | Orc:1    | Entered Level 1 of the Orcish Mines
 18194 | Orc:1    | Noticed an orc warlord
 18256 | D:12     | Killed an orc warlord
 18499 | Orc:1    | Noticed an orc warlord
 18588 | D:12     | Killed an orc warlord
 18901 | Orc:1    | Found a roughly hewn altar of Beogh.
 19034 | Orc:1    | Noticed an orc warlord
 19098 | D:12     | Killed an orc warlord
 19594 | Orc:1    | You fall into a shaft and drop 1 floor!
 19594 | Orc:2    | Entered Level 2 of the Orcish Mines
 19594 | Orc:2    | Found a roughly hewn altar of Beogh.
 19599 | Orc:2    | Found a staircase to the Elven Halls.
 19601 | Orc:2    | Found Uqehah's Distillery.
 19614 | Orc:2    | Noticed an orc warlord
 19624 | Orc:2    | Found Zugodesm's Armour Boutique.
 19837 | Orc:2    | Found a dark tunnel.
 19842 | Volcano  | Entered a volcano
 20194 | Volcano  | Reached XP level 15. HP: 96/123 MP: 19/19
 20402 | Orc:2    | Killed an orc warlord
 20490 | Orc:2    | Found an iron altar of Okawaru.
 20946 | Orc:2    | Found Cocesyac's Armour Emporium.
 20946 | Orc:2    | Found Kashenok's Assorted Antiques.
 20948 | Orc:2    | Found Dutaeg's Gadget Emporium.
 20948 | Orc:2    | Found Qioha's Antique Armour Shop.
 21103 | Orc:2    | Bought a pair of runed gloves for 195 gold pieces
 21103 | Orc:2    | Bought a scorched plate armour for 728 gold pieces
 21113 | Orc:2    | Identified the +8 plate armour of the Comet {Harm Rampage
                  | MP-9 SInv} (You bought it in a shop on level 2 of the
                  | Orcish Mines)
 21125 | Orc:2    | Bought a box of beasts (3/3) for 300 gold pieces
 21331 | D:5      | Bought a scroll of brand weapon for 260 gold pieces
 22038 | D:14     | Found Komobrech's Weapon Boutique.
 22450 | D:14     | Found a gate to the Vaults.
 22603 | D:15     | Entered Level 15 of the Dungeon
 22763 | D:15     | Acquired the ring of the Doge {rElec rPois MR+ Str+6
                  | Stlth-}
 23233 | D:15     | Found a basalt altar of Yredelemnul.
 23314 | D:15     | Found a staircase to the Depths.
 23718 | Swamp:1  | Entered Level 1 of the Swamp
 23727 | Swamp:1  | Reached XP level 16. HP: 130/130 MP: 11/20
 23842 | Swamp:1  | Reached skill level 15 in Shields
 23981 | Swamp:1  | Noticed Jorgrun
 24023 | Swamp:1  | Killed Jorgrun
 24129 | Swamp:1  | Noticed a thorn hunter
 24151 | Swamp:1  | Killed a thorn hunter
 25447 | Swamp:3  | Noticed a thorn hunter
 25453 | Swamp:3  | Killed a thorn hunter
 25540 | Swamp:3  | Paralysed by a hornet for 2 turns
 25723 | Swamp:3  | Acquired a manual of Armour
 25774 | Swamp:3  | Acquired a +7 hand crossbow of flaming
 26092 | Swamp:3  | Noticed a thorn hunter
 26113 | Swamp:3  | Killed a thorn hunter
 26245 | Swamp:4  | Entered Level 4 of the Swamp
 26245 | Swamp:4  | Noticed a thorn hunter
 26264 | Swamp:3  | Killed a thorn hunter
 26923 | Swamp:4  | Reached XP level 17. HP: 140/140 MP: 12/21
 27012 | Swamp:4  | Got a decaying rune of Zot
 27229 | Snake:1  | Entered Level 1 of the Snake Pit
 27312 | Snake:1  | Found a frozen archway.
 27317 | IceCv    | Entered an ice cave
 29263 | Snake:1  | Noticed Aizul
 29280 | Snake:1  | Killed Aizul
 30829 | Snake:3  | Gained mutation: You passively map a large area around you.
                  | [Deep Dwarf growth]
 30829 | Snake:3  | Reached XP level 18. HP: 153/154 MP: 13/22
 31251 | Snake:4  | Entered Level 4 of the Snake Pit
 31558 | Snake:4  | Found Inehigg's Book Emporium.
 31689 | Snake:4  | Reached skill level 15 in Armour
 31855 | Snake:4  | Got a serpentine rune of Zot
 32149 | Slime:1  | Entered Level 1 of the Pits of Slime
 32988 | Slime:5  | Entered Level 5 of the Pits of Slime
 33129 | Slime:5  | Reached skill level 10 in Fighting
 33149 | Slime:5  | Found a viscous altar of Jiyva.
 33150 | Slime:5  | Noticed the Royal Jelly
 33174 | Slime:5  | Killed the Royal Jelly
 33174 | Slime:5  | Reached XP level 19. HP: 168/168 MP: 5/23
 33199 | Slime:4  | HP: 8/168 [acid (3)]
 33199 | Slime:4  | HP: 1/168 [acid (7)]
 33199 | Slime:4  | Splashed by an acid blob's acid

Illustrated notes

Levels and vault maps discovered:
D:1:      evilmike_arrival_fibonacci_small, layout_basic,
          evilmike_ruin_ashenzari
D:2:      layout_loops_ring, kennysheep_slug_shrine, dancing_weapons_uskayaw,
          minmay_3d_cube
D:3:      layout_basic
D:4:      layout_basic
D:5:      layout_loops_corners, lemuel_doored_altar, kennysheep_vampire_church,
          serial_shops, shop, minmay_mini_ossuary
D:6:      layout_basic, uniq_sigmund
D:7:      layout_basic, lemuel_temple_firewalk_b, gammafunk_ghost_arena,
          corexii_hall_statues_deadend
D:8:      layout_cave_pools, grunt_gozag_statues, serial_shops, shop,
          serial_co_window_serial, co_window_paths_a, co_window_paths_b,
          co_window_corner_a, co_window_paths_a, co_window_paths_a,
          co_window_2corner, co_window_of_opportunity_c, co_window_corner_ca,
          co_window_paths_e, co_window_4corner_b, glass_columns_c,
          glass_columns_a
D:9:      minmay_thinvault, layout_basic, elyvilon_altar_4, uniq_erolcha
D:10:     layout_basic, lair_entry_dummy
D:11:     layout_gridville
D:12:     layout_basic, orc_david_3, serial_ice, serial_ice_g, serial_ice_e,
          serial_ice_k, serial_ice_m, enter_bailey_3, uniq_urug, uniq_snorg
D:13:     layout_rooms, minmay_misc_feat_iff
D:14:     layout_cave_pools, grunt_vaults_entry_fortified, serial_shops, shop
D:15:     hangedman_depths_entry_try_elsewhere_first, layout_irregular_city,
          lemuel_mausoleum_altar_yredelemnul
Lair:1:   layout_roguey
Lair:2:   layout_chaotic_city, cheibrodos_lair_reptile_den, grunt_megastairs_3
Lair:3:   layout_concentric_octagons, swamp_mist, beast_lair_carwin_3
Lair:4:   layout_layer_cave, minmay_snake_entry_guardpost_large
Lair:5:   layout_cave_pods, slime_altar_1, uniq_rupert
Lair:6:   minmay_lair_end_frog_pond, layout_regular_city, gauntlet_entry_generic
Swamp:1:  layout_falls_marsh, serial_swamp_ruin, evilmike_swamp_ruin_house_5,
          evilmike_swamp_ruin_rubble_2, uniq_jorgrun
Swamp:2:  layout_falls_marsh, evilmike_swamp_ruin_house_1
Swamp:3:  layout_basic_swamp, evilmike_swamp_ruin_house_6
Swamp:4:  grunt_swamp_rune_castle, layout_basic_swamp, swamp_pool1
Snake:1:  layout_onion_interference, portal_ice_cave_entry_pillars_three,
          drop_trap, serial_bayou_shore_b, uniq_aizul
Snake:2:  layout_layer_cave, serial_bayou_shore_a
Snake:3:  layout_grid_maze
Snake:4:  grunt_snake_rune_serpentine_throne, layout_misc_corridors,
          serial_shops, nicolae_shop_trees, drop_trap, lemuel_fruit_tree
Slime:1:  layout_caves
Slime:2:  cheibrodos_slime_lost_civilization_9, layout_caves
Slime:3:  layout_caves
Slime:4:  layout_caves
Slime:5
Orc:1:    orc_temple, layout_diamond_mine
Orc:2:    grunt_orc_tribal_feast, layout_caves, nicolae_volcano_entry_s_turn,
          basic_altar, serial_shops, nicolae_shop_statue_plus, shop_statue,
          okawaru_metal_pillars_1_2

Skill      XL: |  1  2  3  4  5  6  7  8  9 10 11 12 13 14 15 16 17 18 |
---------------+-------------------------------------------------------+-----
Axes           | 3 4 5 7 9 12 13 14 16 18 | 18.0
Fighting       | 3 4 5 6 7 10 | 10.0
Armour         | 4 5 7 8 9 10 11 13 17 | 17.0
Shields        | 4 5 7 8 9 10 12 14 16 18 | 18.0
Dodging        | 2 4 5 7 8 9 10 12 | 12.5
Invocations    | 2 3 4 5 6 9 10 11 12 13 | 13.2
Stealth        | 4 |  4.0
Evocations     | 4 6 8 10 | 10.9
Crossbows      | 2 6 9 10 | 10.0

Action                   |  1- 3 |  4- 6 |  7- 9 | 10-12 | 13-15 | 16-18 | 19-21 || total
-------------------------+-------+-------+-------+-------+-------+-------+-------++-------
Melee: War axe           |   105 |   227 |   325 |       |   363 |       |       ||  1020
       Broad axe         |       |       |    32 |   496 |  1165 |  1101 |       ||  2794
 Fire: Hand crossbow     |       |       |       |    49 |    97 |   370 |       ||   516
Invok: Minor Destruction |       |       |     2 |       |       |       |       ||     2
       Lesser Servant of |       |       |       |     1 |     2 |       |       ||     3
       Greater Servant o |       |       |       |       |     4 |     5 |       ||     9
 Abil: Heal Wounds       |       |     2 |     5 |       |     3 |     9 |       ||    19
Evoke: Wand              |       |       |       |     1 |       |     3 |       ||     4
  Use: Scroll            |       |     6 |     4 |    17 |    13 |     5 |     2 ||    47
       Potion            |       |       |     1 |     3 |     3 |    11 |       ||    18
 Stab: Invisible         |       |       |       |       |       |     6 |       ||     6
Armor: Scale mail        |    21 |       |       |       |       |       |       ||    21
       Chain mail        |    42 |   142 |   187 |    60 |       |       |       ||   431
       Plate armour      |       |       |       |   243 |   710 |   570 |    20 ||  1543
Dodge: Dodged            |    14 |    54 |   108 |   148 |   584 |   785 |    16 ||  1709
Block: Kite shield       |    44 |   128 |   202 |   325 |   320 |       |       ||  1019
       Buckler           |       |       |       |       |   422 |   767 |    13 ||  1202
       Reflection        |       |       |       |       |    36 |    66 |     1 ||   103

Table legend: (Time is in decaauts)
 A = Elapsed time spent in this place.
 B = Non-inter-level travel time spent in this place.
 C = Inter-level travel time spent in this place.
 D = Time resting spent in this place.
 E = Time spent auto-exploring this place.
 F = Levels seen in this place.
 G = Mean time per level.
                   A        B        C        D        E       F      G
               +--------+--------+--------+--------+--------+-----+--------+
         Total |  33159 |  30150 |   3009 |   3868 |  17052 |  40 |  829.0 |
       Dungeon |  13324 |  11642 |   1682 |    840 |   7282 |  15 |  888.3 |
          Lair |   5854 |   5075 |    779 |    375 |   3650 |   6 |  975.7 |
         Swamp |   3521 |   3254 |    267 |    608 |   1746 |   4 |  880.2 |
     Snake Pit |   3162 |   3023 |    139 |     28 |   2117 |   4 |  790.5 |
    Slime Pits |   1013 |   1002 |     11 |    410 |    269 |   5 |  202.6 |
  Orcish Mines |   2205 |   2075 |    130 |    178 |   1002 |   2 | 1102.5 |
        Bailey |    934 |    934 |      0 |    347 |    277 |   1 |  934.0 |
      Ice Cave |   1615 |   1615 |      0 |    716 |    333 |   1 | 1615.0 |
       Volcano |    478 |    478 |      0 |    235 |     40 |   1 |  478.0 |
      Gauntlet |   1050 |   1050 |      0 |    130 |    332 |   1 | 1050.0 |
               +--------+--------+--------+--------+--------+-----+--------+

Top non-repeatable levels by time:
   IceCv: 1615 daAuts
 Swamp:3: 1476 daAuts
     D:8: 1433 daAuts
  Lair:4: 1407 daAuts
  Lair:6: 1319 daAuts
     D:9: 1292 daAuts
   Orc:1: 1214 daAuts
    D:12: 1141 daAuts
    D:11: 1124 daAuts
Gauntlet: 1050 daAuts
     D:5: 995 daAuts
   Orc:2: 991 daAuts
 Snake:3: 978 daAuts
  Bailey: 934 daAuts
  Lair:2: 929 daAuts
